 Dungeon Crawl Stone Soup version 0.21.1-1-g345015fe64 (webtiles) character file.

99 Freyura the Skirmisher (level 4, 0/29 HPs)
             Began as a Gargoyle Fighter on May 17, 2018.
             Slain by an iguana (7 damage)
             ... on level 3 of the Dungeon.
             The game lasted 00:03:46 (1759 turns).

Freyura the Skirmisher (Gargoyle Fighter)           Turns: 1759, Time: 00:03:47

Health: 0/29       AC: 12    Str: 20    XL:     4   Next: 72%
Magic:  4/4        EV:  5    Int:  8    God:
Gold:   120        SH:  9    Dex: 10    Spells: 3/3 levels left

rFire    . . .     SeeInvis .   a - +0 flail
rCold    . . .     Gourm    .   c - +0 shield
rNeg     + . .     Faith    .   l - +0 chain mail
rPois    ∞         Spirit   .   (no helmet)
rElec    +         Reflect  .   (no cloak)
rCorr    .         Harm     .   (no gloves)
MR       .....                  (no boots)
Stlth    ..........             (no amulet)
HPRegen  0.09/turn              (no ring)
MPRegen  0.09/turn              (no ring)

@: no status effects
A: negative energy resistance 1, electricity resistance, unbreathing,
petrification resistance, rot immunity, AC +3
a: no special abilities


You were on level 3 of the Dungeon.
You were not hungry.

You visited 1 branch of the dungeon, and saw 3 of its levels.

You collected 120 gold pieces.

Inventory:

Hand Weapons
 a - a +0 flail (weapon)
Armour
 b - a +0 scale mail
 c - a +0 shield (worn)
 l - a +0 chain mail (worn)
Jewellery
 r - an uncursed ring of flight {unknown}
Wands
 n - a wand of random effects (19)
Scrolls
 e - 3 scrolls of identify {unknown}
 g - a scroll of blinking {unknown}
 i - a scroll of remove curse {unknown}
 k - a scroll of fog {unknown}
 m - 3 scrolls of teleportation {unknown}
 q - a scroll of enchant weapon {unknown}
Potions
 d - a potion of might
 h - a potion of invisibility {unknown}
 j - 3 potions of curing {unknown}
 o - a potion of flight {unknown}
 p - a potion of agility {unknown}
 s - a potion of heal wounds {unknown}
Comestibles
 f - 2 rations


   Skills:
 + Level 3.9 Fighting
 * Level 3.2 Maces & Flails
 + Level 3.7 Armour
 + Level 1.0 Dodging
 + Level 3.7 Shields


You had 3 spell levels left.
You didn't know any spells.

Dungeon Overview and Level Annotations

Branches:
Dungeon (3/15)

Altars:
Fedhas
Qazlal


Innate Abilities, Weirdness & Mutations

You are resistant to torment.
Your stone body is resilient. (AC +3)
You are immune to poison.
You resist negative energy. (rN+)
You are resistant to electric shocks. (rElec)
You can survive without breathing.
You are immune to petrification.
You are immune to rotting.


Message History

The bat barely misses you.
Things that are here:
a club; a short sword; an orc corpse The bat hits you but does no damage.
An iguana comes into view.
The iguana hisses angrily.
The bat barely misses you. The bat completely misses you.
You hit the bat.
You kill the bat!
The iguana bites you!
You hit the iguana but do no damage. The iguana bites you!
You are too injured to fight recklessly!
You are too injured to fight recklessly!
You are too injured to fight recklessly!
You hit the iguana but do no damage. The iguana bites you.
* * * LOW HITPOINT WARNING * * *
You block the iguana's attack.
Your chain mail prevents you from hitting the iguana.
The iguana bites you!
You die...

...# #..# #.. .
... ... #.# #..#
#.#
###...###.######
......l@..)....##
##
#####.###.####..#
.# # #†# ##.##
###.# ..#
#..###...# ##.#
###....).##
#..........†...(
#..#######^..<##
#.. #....# ...#
######


You could see an iguana.

Vanquished Creatures
  4 adders
  An ooze (D:1)
  2 worms (D:2)
  2 dart slugs (D:2)
  A leopard gecko (D:1)
  An orc (D:3)
  2 giant cockroaches
  4 goblins
  8 hobgoblins
  2 jackals (D:2)
  6 kobolds
  A ball python (D:2)
  3 bats
  4 frilled lizards
  8 rats
49 creatures vanquished.

Notes
Turn   | Place    | Note
-------+----------+-------------------------------------------
     0 | D:1      | Freyura the Gargoyle Fighter began the quest for the Orb.
     0 | D:1      | Reached XP level 1. HP: 14/14 MP: 1/1
    41 | D:1      | Reached XP level 2. HP: 18/19 MP: 2/2
   669 | D:2      | Reached XP level 3. HP: 23/23 MP: 3/3
   815 | D:2      | Found a blossoming altar of Fedhas.
   821 | D:2      | Found a stormy altar of Qazlal.
  1187 | D:2      | Reached XP level 4. HP: 27/29 MP: 4/4
  1544 | D:2      | Reached skill level 1 in Dodging
  1759 | D:3      | Slain by an iguana

Skill      XL: |  1  2  3  4 |
---------------+-------------+-----
Maces & Flails | 3 |  3.2
Dodging        | 1 |  1.0
Fighting       | |  3.9
Armour         | |  3.7
Shields        | |  3.7

Action                   |  1- 3 |  4- 6 || total
-------------------------+-------+-------++-------
Melee: Flail             |   132 |    76 ||   208
  Eat: Ration            |     2 |       ||     2
Armor: Scale mail        |    31 |       ||    31
       Chain mail        |    32 |    45 ||    77
Dodge: Dodged            |    42 |    25 ||    67
Block: Shield            |    78 |    43 ||   121
